 Dungeon Crawl Stone Soup version 0.23.1-37-gaa34b87 (webtiles) character file.

Game seed: 9367438659497784896

75 Borgoz the Skirmisher (level 4, 0/38 (39) HPs)
             Began as a Ghoul Monk on Mar 22, 2019.
             Slain by an orc wizard
             ... wielding a +0 dagger
              (3 damage)
             ... on level 2 of the Dungeon.
             The game lasted 00:01:56 (1437 turns).

Borgoz the Skirmisher (Ghoul Monk)                  Turns: 1437, Time: 00:01:57

HP:   0/38 (39)     AC:  2    Str: 14    XL:     4   Next: 31%
MP:   3/3           EV: 13    Int:  6    God:
Gold: 20            SH:  0    Dex: 11    Spells: 3/3 levels left

rFire    . . .     SeeInvis .   a - +0 short sword
rCold    + . .     Gourm    .   (no shield)
rNeg     + + +     Faith    .   b - +0 robe
rPois    ∞         Spirit   .   (no helmet)
rElec    .         Reflect  .   (no cloak)
rCorr    .         Harm     .   (no gloves)
MR       .....                  (no boots)
Stlth    +.........             (no amulet)
HPRegen  0.00/turn              (no ring)
MPRegen  0.08/turn              (no ring)

@: confused, rotting
A: rotting body, claws 1, carnivore, cold resistance 1, negative energy
resistance 3, inhibited regeneration, torment resistance, unbreathing
a: no special abilities


You were on level 2 of the Dungeon.
You were not hungry.

You visited 1 branch of the dungeon, and saw 2 of its levels.

You collected 20 gold pieces.

Inventory:

Hand Weapons
 a - a +0 short sword (weapon)
Armour
 b - a +0 robe (worn)
Scrolls
 d - 2 scrolls of identify {unknown}
 e - a scroll of remove curse {unknown}
Comestibles
 c - 2 rations


   Skills:
 + Level 3.6 Fighting
 * Level 3.3 Short Blades
 * Level 1.7 Armour
 * Level 3.3 Dodging
 - Level 2.1 Stealth


You had 3 spell levels left.
You didn't know any spells.
Your spell library was empty.

Dungeon Overview and Level Annotations

Branches:
Dungeon (2/15)

Altars:


Innate Abilities, Weirdness & Mutations

Your body is rotting away.
You thrive on raw meat.
You are immune to poison.
You have sharp fingernails.
You are carnivorous and can eat meat at any time.
Your flesh is cold resistant. (rC+)
You are immune to negative energy. (rN+++)
You do not regenerate when monsters are visible.
You are immune to unholy pain and torment.
You can survive without breathing.


Message History

Eat one of 2 chunks of flesh? (ye/n/q)
You eat one of the 2 chunks of flesh.
This raw flesh tastes great!
Something barely misses you.
Eat a chunk of flesh? (ye/n/q)
You eat the chunk of flesh.
This raw flesh tastes great!
You hear some strange, mumbled words.
A puff of flame appears from out of thin air!
The puff of flame hits you!
* * * LOW HITPOINT WARNING * * *
Okay, then.
You aren't carrying any potions.
You're too confused!
You bump into the rock wall.
Something hits you.
* * * LOW HITPOINT WARNING * * *
You bump into the rock wall.
You feel your flesh rotting away. Something hits you.
* * * LOW HITPOINT WARNING * * *
You bump into the rock wall.
Something hits you.
You die...

# ####### ... #g{@..#
###########
.....#g###.####.........#
S..{..h)..................
#.....#h###.####..........
......#.# #.# #..........
###.. #.# #.# ###..#####.
.... #.# #.#######.#####.
.... ... ................
...# #.# ##########.#..÷#


You could see a jackal, a hobgoblin and a goblin.

Vanquished Creatures
  An adder (D:2)
  2 oozes
  2 worms (D:2)
  2 dart slugs (D:1)
  2 leopard geckos (D:1)
  3 orcs (D:2)
  2 bats (D:1)
  3 giant cockroaches
  6 goblins
  6 hobgoblins
  3 jackals
  A kobold (D:1)
  3 frilled lizards (D:1)
  5 rats (D:1)
41 creatures vanquished.

Notes
Turn   | Place    | Note
-------+----------+-------------------------------------------
     0 | D:1      | Borgoz the Ghoul Monk began the quest for the Orb.
     0 | D:1      | Reached XP level 1. HP: 19/19 MP: 0/0
   116 | D:1      | Reached XP level 2. HP: 19/26 MP: 1/1
   278 | D:1      | Reached skill level 1 in Armour
   556 | D:1      | Reached XP level 3. HP: 24/30 MP: 2/2
  1194 | D:2      | Reached XP level 4. HP: 20/38 MP: 3/3
  1437 | D:2      | Slain by an orc wizard

Skill      XL: |  1  2 |
---------------+-------+-----
Armour         | 1 |  1.7
Dodging        | 3 |  3.3
Short Blades   | 3 |  3.3
Fighting       | |  3.6
Stealth        | |  2.1

Action                   |  1- 3 |  4- 6 || total
-------------------------+-------+-------++-------
Melee: Short sword       |   153 |    35 ||   188
  Use: Potion            |       |     1 ||     1
 Stab: Sleeping          |     5 |     1 ||     6
       Distracted        |     1 |       ||     1
  Eat: Chunk             |    19 |     7 ||    26
Armor: Robe              |    15 |     3 ||    18
Dodge: Dodged            |    95 |    14 ||   109
